 Dungeon Crawl Stone Soup version 0.27-a0-1273-gec92ba881d (webtiles) character file.

Game seed: 12782540996607162301

46 IdlyInterested the Shield-Bearer (level 3, -1/31 HPs)
             Began as a Minotaur Fighter on June 11, 2021.
             Slain by Grinder (6 damage)
             ... on level 3 of the Dungeon.
             The game lasted 00:05:07 (2315 turns).

IdlyInterested the Shield-Bearer (Minotaur Fighter) Turns: 2315, Time: 00:05:08

Health: -1/31      AC:  6    Str: 20    XL:     3   Next: 44%
Magic:  2/2        EV:  7    Int:  6    God:
Gold:   80         SH:  9    Dex:  9    Spells: 2/2 levels left

rFire    . . .     SeeInvis .   a - +0 flail
rCold    . . .     Faith    .   c - +0 kite shield
rNeg     . . .     Spirit   .   b - +0 scale mail
rPois    .         Reflect  .   (helmet restricted)
rElec    .         Harm     .   (no cloak)
rCorr    .         Rampage  .   (no gloves)
Will     +....                  (no boots)
Stlth    ..........             (no amulet)
HPRegen  0.10/turn              k - ring of willpower
MPRegen  0.08/turn              (no ring)

@: no status effects
A: horns 2, retaliatory headbutt
a: no special abilities


You were on level 3 of the Dungeon.
You visited 1 branch of the dungeon, and saw 3 of its levels.

You collected 80 gold pieces.

Inventory:

Hand Weapons
 a - a +0 flail (weapon)
Missiles
 e - 4 curare-tipped darts
 h - 97 stones
 i - 20 poisoned darts (quivered)
 l - 3 javelins
Armour
 b - a +0 scale mail (worn)
 c - a +0 kite shield (worn)
Jewellery
 k - a ring of willpower (left hand)
Scrolls
 f - a scroll of teleportation
 n - a scroll of immolation
Potions
 d - a potion of might


   Skills:
 - Level 3.6 Fighting
 - Level 2.4 Maces & Flails
 - Level 3.6 Armour
 - Level 1.0 Stealth
 * Level 5.1 Shields
 * Level 0.3 Evocations


You had 2 spell levels left.
You didn't know any spells.
Your spell library was empty.

Dungeon Overview and Level Annotations

Branches:
Dungeon (3/15)

Altars:

Annotations:
D:3 Grinder


Innate Abilities, Weirdness & Mutations

You have a pair of horns on your head.
You reflexively headbutt those who attack you in melee.


Message History

Throw: 5 darts (curare)
Press: ? - help, Shift-Dir - straight line, f/p - Grinder
Aim: Grinder (severely wounded, 50% to hit)
You throw a curare-tipped dart. The curare-tipped dart hits Grinder.
Grinder is severely wounded.
Grinder gestures at you.
You easily resist.
Grinder gestures at you.
You easily resist.
Throw: 4 darts (curare)
Press: ? - help, Shift-Dir - straight line, f/p - Grinder
Aim: Grinder (severely wounded, 50% to hit)
You throw a curare-tipped dart. The curare-tipped dart hits Grinder.
Grinder is severely wounded.
Grinder blinks!
Found a dagger.
Grinder blinks!
Found a stone staircase leading down.
e - 4 curare-tipped darts (gained 1) Throw: 4 javelins
Press: ? - help, Shift-Dir - straight line, f/p - Grinder
Aim: Grinder (severely wounded, 50% to hit)
You throw a javelin. The javelin pierces through Grinder.
Grinder is severely wounded.
Grinder hits you but does no damage.
Found a robe.
You sock Grinder! Your headbutt misses Grinder.
Grinder is almost dead.
Grinder hits you.
You writhe in agony.
* * * LOW HITPOINT WARNING * * *
You barely miss Grinder. Your headbutt misses Grinder.
Grinder is almost dead.
You block Grinder's attack. x2
You barely miss Grinder. Your headbutt misses Grinder.
Grinder is almost dead.
Grinder says, "FISH!"
Grinder hits you.
* * * LOW HITPOINT WARNING * * *
You writhe in agony.
You die...

. .. ...(. ...>.
##############.....
...[...(...5......
#.# #.(.@#......
#.### ###..)##...#
#<..# #.#.......
###.### #..#####..#
## #...####...# ..
... ###...####.# .#
... ###...##†#
.##.# ###..#.#
##....#
##...###...#


You could see Grinder.

Vanquished Creatures
  A worm (D:2)
  A dart slug (D:1)
  3 bats
  3 endoplasms
  A giant cockroach (D:2)
  3 goblins
  4 hobgoblins
  4 jackals (D:3)
  2 kobolds
  2 quokkas (D:2)
  7 ball pythons
  A frilled lizard (D:1)
  3 rats
35 creatures vanquished.

Notes
Turn   | Place    | Note
-------+----------+-------------------------------------------
     0 | D:1      | IdlyInterested the Minotaur Fighter began the quest for the
                  | Orb.
     0 | D:1      | Reached XP level 1. HP: 19/19 MP: 0/0
    38 | D:1      | Noticed a great orb of eyes
    40 | D:1      | Found a faded altar of an unknown god.
    43 | D:1      | Noticed a great orb of eyes
    46 | D:1      | Noticed a floating eye
    46 | D:1      | Noticed a floating eye
   287 | D:1      | Reached skill level 4 in Shields
   369 | D:1      | Reached XP level 2. HP: 26/26 MP: 1/1
  1505 | D:2      | Reached skill level 1 in Stealth
  1676 | D:2      | Reached XP level 3. HP: 31/31 MP: 2/2
  1975 | D:2      | Reached skill level 5 in Shields
  2274 | D:3      | Noticed Grinder
  2315 | D:3      | Slain by Grinder

Illustrated notes

Levels and vault maps discovered:
D:1:      lightli_arrival_isolated_outpost, layout_loops_corners,
          hellmonk_ecumenical_altar_watching_god, kennysheep_nondescript
D:2:      layout_basic
D:3:      layout_rooms, old_standard_altar, minmay_misc_feat_plants,
          kennysheep_generic_room_4, uniq_grinder

Skill      XL: |  1  2  3 |
---------------+----------+-----
Shields        | 4 5 |  5.1
Stealth        | 1 |  1.0
Fighting       | |  3.6
Maces & Flails | |  2.4
Armour         | |  3.6
Evocations     | |  0.3

Action                   || total
-------------------------++-------
Melee: Flail             ||   105
       Headbutt          ||    10
Throw: Dart              ||     4
       Javelin           ||     1
  Use: Scroll            ||     5
       Potion            ||     1
Armor: Scale mail        ||    38
Dodge: Dodged            ||    28
Block: Kite shield       ||    57

Table legend: (Time is in decaauts)
 A = Elapsed time spent in this place.
 B = Non-inter-level travel time spent in this place.
 C = Inter-level travel time spent in this place.
 D = Time resting spent in this place.
 E = Time spent auto-exploring this place.
 F = Levels seen in this place.
 G = Mean time per level.
                   A        B        C        D        E       F      G
               +--------+--------+--------+--------+--------+-----+--------+
         Total |   2376 |   2339 |     37 |    477 |   1487 |   3 |  792.0 |
       Dungeon |   2376 |   2339 |     37 |    477 |   1487 |   3 |  792.0 |
               +--------+--------+--------+--------+--------+-----+--------+

Top non-repeatable levels by time:
     D:1: 1205 daAuts
     D:2: 1093 daAuts
     D:3: 77 daAuts
